 Dungeon Crawl Stone Soup version 0.28-a0-1613-gdaab1c2f9b (webtiles) character file.

Game seed: 7206655578770109731

38 murtidash the Magician (level 3, -2/29 HPs)
             Began as a Djinni Warper on Jan 21, 2022.
             Killed from afar by Sigmund (4 damage)
             ... with a magic dart
             ... on level 2 of the Dungeon.
             The game lasted 00:01:58 (1737 turns).

murtidash the Magician (Djinni Warper)              Turns: 1737, Time: 00:01:59

Health: -2/29      AC:  3    Str: 10    XL:     3   Next: 65%
Gold:   40         EV: 11    Int: 16    God:
                   SH:  0    Dex: 12

rFire   + + .      SeeInvis .   a - +0 falchion
rCold   x . .      Faith    +   (no shield)
rNeg    . . .      Spirit   .   b - +0 leather armour
rPois   ∞          Reflect  .   (no helmet)
rElec   .          Harm     .   (no cloak)
rCorr   .          Rampage  .   (no gloves)
Will    .....                   (boots unavailable)
Stlth   +.........              g - amulet of faith {Faith, !P}
HPRegen 0.09/turn               (no ring)
MPRegen 0.00/turn               (no ring)

@: flying
A: sickness immunity, fire resistance 2, cold vulnerability 1, float, innate
caster, hp casting, extra vitality 1
a: no special abilities


You were on level 2 of the Dungeon.
You visited 1 branch of the dungeon, and saw 2 of its levels.

You collected 40 gold pieces.

Inventory:

Hand Weapons
 a - a +0 falchion (weapon)
 e - a +2 dagger of holy wrath
   (You took it off a kobold on level 1 of the Dungeon)
 j - a +0 dagger of freezing
   (You took it off a kobold on level 2 of the Dungeon)
Missiles
 d - 5 boomerangs of dispersal {=f}
Armour
 b - a +0 leather armour (worn)
Jewellery
 g - an amulet of faith (around neck) {Faith, !P}
   (You found it on level 1 of the Dungeon)
Scrolls
 c - 2 scrolls of blinking {!r}
 f - 2 scrolls of teleportation {unknown}
 h - a scroll of fear {unknown}
 i - a scroll of vulnerability {unknown}
Potions
 k - a potion of flight {unknown}
 l - a potion of curing {unknown}


   Skills:
 + Level 2.6 Fighting
 - Level 1.7 Long Blades
 - Level 0.7 Throwing
 - Level 1.0 Armour
 - Level 2.1 Dodging
 * Level 3.1 Spellcasting


You couldn't memorise any spells.
You knew the following spells:

 Your Spells              Type           Power      Damage    Failure   Level
b - Blink                 Tloc           24%        N/A       11%         2
K - Summon Small Mammal   Summ           48%        N/A       7%          1
M - Manifold Assault      Tloc           12%        N/A       88%         5
U - Teleport Other        Tloc           12%        N/A       21%         3
X - Gell's Gravitas       Tloc           12%        N/A       21%         3
Z - Lesser Beckoning      Tloc           12%        N/A       21%         3
Your spell library was empty.

Dungeon Overview and Level Annotations

Branches:
Dungeon (2/15)

Altars:
Sif Muna

Annotations:
D:2 Sigmund


Innate Abilities, Weirdness & Mutations

You are immune to sickness and miasma.
You are immune to poison.
Your flesh is very heat resistant. (rF++)
You are vulnerable to cold. (rC-)
You float through the air rather than walking.
You learn spells naturally, not from books.
Your magical power is your life essence.
You have superior vitality. (+4 MHP)


Message History

Things that are here:
a +0 dagger; a goblin corpse
Found a shimmering blue altar of Sif Muna.
You slash the worm! The worm bites you.
You take 6 damage, and have 22/29 hp.
MASSIVE DAMAGE!!
You slash the worm! The worm bites you.
You take 2 damage, and have 20/29 hp.
You are too injured to fight recklessly!
You are too injured to fight recklessly!
You are too injured to fight recklessly!
You are too injured to fight recklessly!
You are too injured to fight recklessly!
You are too injured to fight recklessly!
You are too injured to fight recklessly!
You are too injured to fight recklessly!
You are too injured to fight recklessly!
You are too injured to fight recklessly!
You are too injured to fight recklessly!
You are too injured to fight recklessly!
You are too injured to fight recklessly!
You are too injured to fight recklessly!
You are too injured to fight recklessly!
You are too injured to fight recklessly!
You are too injured to fight recklessly!
You are too injured to fight recklessly!
You are too injured to fight recklessly!
You are too injured to fight recklessly!
You are too injured to fight recklessly!
You hit the worm.
You kill the worm!
k - a grey potion Health restored: 29
f - 2 scrolls labelled ATITEOFOVO (gained 1)
l - an inky potion
Found a stone staircase leading down.
A hobgoblin comes into view. It is wielding a +0 mace of protection.
The hobgoblin shouts!
You hear a shout!
Sigmund the Dreaded comes into view.
He is wielding a +0 scythe.
Sigmund shouts!
Sigmund points at you and mumbles some strange words.
The magic dart hits you!
You take 10 damage, and have 19/29 hp.
MASSIVE DAMAGE!!
You aren't carrying any items that you can evoke.
Sigmund gestures at you while chanting. The puff of flame misses you.
You take 1 damage, and have 18/29 hp.
Sigmund points at you and mumbles some strange words.
The magic dart hits your bat!
Your bat dies!
Your bat's corpse disappears in a puff of smoke!
Your rat bites the hobgoblin but does no damage.
You take 1 damage, and have 17/29 hp.
Your rat bites the hobgoblin.
You take 1 damage, and have 16/29 hp.
You are too injured to fight recklessly!
You hit the hobgoblin.
Your bat hits the hobgoblin but does no damage.
The hobgoblin hits you with a +0 mace of protection.
Your rat barely misses the hobgoblin.
You take 6 damage, and have 10/29 hp.
MASSIVE DAMAGE!!
You hit the hobgoblin but do no damage.
Your bat hits the hobgoblin but does no damage. x2
The hobgoblin barely misses you.
Your rat closely misses the hobgoblin.
Your bat hits the hobgoblin but does no damage.
You hit the hobgoblin but do no damage.
Your bat hits the hobgoblin but does no damage.
The hobgoblin closely misses you.
Your rat bites the hobgoblin but does no damage.
You hit the hobgoblin.
You kill the hobgoblin!
Your bat barely misses Sigmund.
Sigmund hits you from afar with a +0 scythe.
Your rat closely misses Sigmund.
You take 1 damage, and have 9/29 hp.
Something barely misses your bat.
There is a stone staircase leading down here.
Your rat bites Sigmund.
Your bat barely misses Sigmund.
Sigmund hits your bat with a +0 scythe.
Your bat dies!
Your bat's corpse disappears in a puff of smoke!
Your rat barely misses Sigmund.
What are your orders? t - Shout!
Orders for allies: a - Attack new target. r - Retreat! s - Stop attacking. g - Guard the area. f - Follow me.
Anything else - Cancel.
Gang up on whom?
Aim: Sigmund, wielding a +0 scythe and wearing a +0 robe (lightly wounded, ally target) Attack!
Your rat bites Sigmund.
Your rat barely misses Sigmund.
Sigmund's eyes start glowing with a red light.
Sigmund points at you and mumbles some strange words.
The magic dart hits you!
* * * LOW HITPOINT WARNING * * *
You take 8 damage, and have 2/29 hp.
MASSIVE DAMAGE!!
Your rat bites Sigmund.
Sigmund casts a spell at you. The magic dart hits you.
You die...

......).# #r#######.
# #@......'.
#.##.#######.
#.........#
####.####.# #.# #.#
#.# #.# #@# #.# ##
#.# #.##########.
..# #............
.### #............
#. #............ #
#............
#............
#.#########.........
#...................


You could see Sigmund (ally target) and a friendly rat (summoned).

Vanquished Creatures
  A worm (D:2)
  A dart slug (D:1)
  3 endoplasms (D:1)
  2 giant cockroaches
  2 goblins
  6 hobgoblins
  6 kobolds
  A quokka (D:1)
  4 ball pythons
  2 bats
  2 frilled lizards (D:1)
  2 rats (D:1)
32 creatures vanquished.

Notes
Turn   | Place    | Note
-------+----------+-------------------------------------------
     0 | D:1      | murtidash the Djinni Warper began the quest for the Orb.
     0 | D:1      | Reached XP level 1. HP: 18/18 MP: 0/0
   356 | D:1      | Reached XP level 2. HP: 12/23 MP: 0/0
   631 | D:1      | Reached XP level 3. HP: 29/29 MP: 0/0
   631 | D:1      | Learned a level 1 spell: Summon Small Mammal
   655 | D:1      | Reached skill level 3 in Spellcasting
  1722 | D:2      | Noticed Sigmund
  1736 | D:2      | HP: 2/29 [Sigmund/magic dart (8)]
  1737 | D:2      | Killed from afar by Sigmund

Illustrated notes

Levels and vault maps discovered:
D:1:      dpeg_arrival_chambers_temple_mockup, layout_rooms
D:2:      layout_basic, basic_altar, uniq_sigmund

Skill      XL: |  1  2  3 |
---------------+----------+-----
Spellcasting   | 3 |  3.1
Fighting       | |  2.6
Long Blades    | |  1.7
Throwing       | |  0.7
Armour         | |  1.0
Dodging        | |  2.1

Action                   || total
-------------------------++-------
Melee: Falchion          ||    95
       Punch             ||     1
 Cast: Summon Small Mamm ||     3
Armor: Leather armour    ||    18
Dodge: Dodged            ||    60

Table legend: (Time is in decaauts)
 A = Elapsed time spent in this place.
 B = Non-inter-level travel time spent in this place.
 C = Inter-level travel time spent in this place.
 D = Time resting spent in this place.
 E = Time spent auto-exploring this place.
 F = Levels seen in this place.
 G = Mean time per level.
                   A        B        C        D        E       F      G
               +--------+--------+--------+--------+--------+-----+--------+
         Total |   1756 |   1736 |     20 |      0 |   1484 |   2 |  878.0 |
       Dungeon |   1756 |   1736 |     20 |      0 |   1484 |   2 |  878.0 |
               +--------+--------+--------+--------+--------+-----+--------+

Top non-repeatable levels by time:
     D:1: 1319 daAuts
     D:2: 437 daAuts

Table legend:
 A = Kills in this place as a percentage of kills in entire the game.
 B = Kills by you in this place as a percentage of kills by you in the entire game.
 C = Kills by friends in this place as a percentage of kills by friends in the entire game.
 D = Other kills in this place as a percentage of other kills in the entire game.
 E = Experience gained in this place as a percentage of experience gained in the entire game.
 F = Experience gained in this place divided by the number of levels of this place that you have seen.
                   A       B       C       D       E      F
               +-------+-------+-------+-------+-------+----------------------
         Total | 100.0 | 100.0 |   N/A |   N/A | 100.0 |  27.5
       Dungeon | 100.0 | 100.0 |   N/A |   N/A | 100.0 |  27.5
               +-------+-------+-------+-------+-------+----------------------
